[Event "ICC Open 2015"]
[Site "Internet Chess Club"]
[Date "2015.05.29"]
[Round "2"]
[White "NietzscheBac"]
[Black "HPG1947"]
[Result "1/2-1/2"]
[ICCResult "Game drawn by mutual agreement"]
[WhiteElo "1651"]
[BlackElo "1813"]
[Opening "Old Indian defense"]
[ECO "A42"]
[NIC "OI.07"]
[Time "14:13:20"]
[TimeControl "180+0"]

1. d4 d6 2. c4 f5 3. Nc3 Nf6 4. Bg5 Nbd7 5. Nf3 e5 6. dxe5 dxe5 7. Nd5 e4 8.
Nd4 Nxd5 9. Bxd8 Bb4+ 10. Qd2 Bxd2+ 11. Kxd2 Kxd8 12. cxd5 Nf6 13. Rd1 Nxd5
14. Kc1 c6 15. e3 Kc7 16. Bc4 Rd8 17. Bxd5 Rxd5 18. Rd2 g6 19. Rhd1 Bd7 20.
g3 Rd8 21. h4 Kc8 22. a4 {Game drawn by mutual agreement} 1/2-1/2

[Event "ICC Open 2015"]
[Site "Internet Chess Club"]
[Date "2015.05.29"]
[Round "2"]
[White "Giantvin"]
[Black "KingGambits"]
[Result "1/2-1/2"]
[ICCResult "Game drawn by mutual agreement"]
[WhiteElo "1949"]
[BlackElo "1643"]
[Opening "Benkö gambit accepted"]
[ECO "A58"]
[NIC "BI.45"]
[Time "14:13:34"]
[TimeControl "180+0"]

1. d4 Nf6 2. c4 c5 3. d5 b5 4. cxb5 a6 5. bxa6 d6 6. Nc3 g6 7. e4 Bxa6 8.
Bxa6 Nxa6 9. Nf3 Bg7 10. O-O O-O 11. Re1 Nc7 12. Bf4 Qd7 13. h3 Nb5 14. Bd2
Rfb8 15. Nxb5 Qxb5 16. Bc3 Nd7 17. e5 Nxe5 18. Nxe5 Bxe5 19. Bxe5 dxe5 20.
Rxe5 Qxb2 21. Rxe7 Rxa2 22. Rxa2 Qxa2 23. d6 Rb1 24. Re1 Rxd1 25. Rxd1 Qa8
26. d7 Qd8 27. Kf1 c4 28. Ke2 c3 29. Rd3 c2 30. Kd2 h5 31. Kxc2 Kg7
{Game drawn by mutual agreement}
1/2-1/2

[Event "ICC Open 2015"]
[Site "Internet Chess Club"]
[Date "2015.05.29"]
[Round "2"]
[White "Federicov"]
[Black "Nos"]
[Result "1-0"]
[ICCResult "Black resigns"]
[WhiteElo "3213"]
[BlackElo "2359"]
[Opening "French: King's Indian attack"]
[ECO "C00"]
[NIC "FR.02"]
[Time "14:13:57"]
[TimeControl "180+0"]

1. e4 e6 2. d3 d5 3. Qe2 Nf6 4. Nf3 c5 5. g3 Nc6 6. Bg2 Be7 7. O-O O-O 8. e5
Nd7 9. c4 Nb6 10. Nc3 Bd7 11. b3 Nb4 12. Bf4 a6 13. h4 Qc7 14. Rad1 a5 15.
a3 Na6 16. cxd5 Nxd5 17. Nxd5 exd5 18. e6 Bd6 19. Bxd6 Qxd6 20. exd7 Qxd7
21. d4 a4 22. dxc5 axb3 23. Ng5 h6 24. Rxd5 Qc7 25. Ne4 Rfe8 26. Qb5 Nb8 27.
Qxb3 Nc6 28. Nd6 Re7 29. Rf5 Rf8 30. Qxb7 Qxb7 31. Nxb7 Rxb7 32. Bxc6
{Black resigns}
1-0

[Event "ICC Open 2015"]
[Site "Internet Chess Club"]
[Date "2015.05.29"]
[Round "2"]
[White "hAutAjArvi"]
[Black "maly"]
[Result "0-1"]
[ICCResult "White resigns"]
[WhiteElo "2001"]
[BlackElo "2654"]
[Opening "Caro-Kann: Panov-Botvinnik attack, 5...e6"]
[ECO "B14"]
[NIC "CK.03"]
[Time "14:13:43"]
[TimeControl "180+0"]

1. e4 c6 2. d4 d5 3. exd5 cxd5 4. c4 Nf6 5. Nc3 e6 6. Nf3 Be7 7. cxd5 Nxd5
8. Bd3 O-O 9. O-O Nc6 10. Bd2 Bf6 11. Nxd5 Qxd5 12. Bc3 Rd8 13. Qe2 Nxd4 14.
Nxd4 Bxd4 15. Rad1 e5 16. Be4 Qd6 17. Bxd4 exd4 18. Qd3 g6 19. Rd2 Be6 20.
Bxb7 Rab8 21. Be4 Bxa2 22. Ra1 Qe6 23. h3 Bc4 24. Qf3 a6 25. Bd3 Bxd3 26.
Qxd3 Rd6 27. Ra4 Rbd8 28. Re2 Qc8 29. Re4 Qc1+ 30. Kh2 Qxb2 31. Rxa6 Rxa6
32. Qxa6 d3 33. Qa5 Qb8+ 34. g3 d2 35. Rb4 Qd6 {White resigns} 0-1

[Event "ICC Open 2015"]
[Site "Internet Chess Club"]
[Date "2015.05.29"]
[Round "2"]
[White "balaji98"]
[Black "Steingrim89"]
[Result "1-0"]
[ICCResult "Black resigns"]
[WhiteElo "2256"]
[BlackElo "1605"]
[Opening "French: Rubinstein variation"]
[ECO "C03"]
[NIC "FR.07"]
[Time "14:13:23"]
[TimeControl "180+0"]

1. e4 e6 2. d4 d5 3. Nd2 dxe4 4. Nxe4 Nd7 5. Bd3 Ngf6 6. Bg5 Be7 7. Ng3 b6
8. Nf3 Bb7 9. c3 O-O 10. Qe2 h6 11. Bd2 c5 12. dxc5 Nxc5 13. Bc2 Qc8 14.
O-O-O Rd8 15. Nd4 Bxg2 16. Rhg1 Bd5 17. Kb1 Kh8 18. Nh5 Bf8 19. Nxf6 gxf6
20. Qh5 Be4 21. Bxh6 Bxc2+ 22. Kxc2 {Black resigns} 1-0

[Event "ICC Open 2015"]
[Site "Internet Chess Club"]
[Date "2015.05.29"]
[Round "2"]
[White "The7thGuest"]
[Black "Mardaker"]
[Result "0-1"]
[ICCResult "White checkmated"]
[WhiteElo "2051"]
[BlackElo "2743"]
[Opening "Sicilian: Alapin's variation (2.c3)"]
[ECO "B22"]
[NIC "SI.47"]
[Time "14:14:39"]
[TimeControl "180+0"]

1. e4 c5 2. c3 Nf6 3. e5 Nd5 4. d4 cxd4 5. cxd4 d6 6. exd6 e6 7. Nc3 Bxd6 8.
Nf3 O-O 9. Bd3 Nc6 10. Nxd5 exd5 11. Bxh7+ Kxh7 12. Ng5+ Kg6 13. h4 Re8+ 14.
Kf1 f5 15. h5+ Kf6 16. Nh7+ Kf7 17. Ng5+ Kg8 18. h6 Qe7 19. hxg7 Qxg7 20.
Qh5 Bd7 21. Nh7 Nxd4 22. Bh6 Bb5+ 23. Kg1 Qxh6 24. Qxh6 Ne2+ 25. Kf1 Nc1+
26. Kg1 Re1# {White checkmated} 0-1

[Event "ICC Open 2015"]
[Site "Internet Chess Club"]
[Date "2015.05.29"]
[Round "2"]
[White "Dodgy"]
[Black "kava"]
[Result "0-1"]
[ICCResult "White resigns"]
[WhiteElo "2198"]
[BlackElo "2904"]
[Opening "Queen's Indian: 4.g3"]
[ECO "E15"]
[NIC "QI.02"]
[Time "14:14:00"]
[TimeControl "180+0"]

1. d4 Nf6 2. Nf3 e6 3. c4 b6 4. g3 c6 5. Bg2 d5 6. O-O Be7 7. Ne5 O-O 8. Nc3
Ba6 9. b3 Nfd7 10. cxd5 Nxe5 11. dxe5 cxd5 12. Bb2 Nc6 13. Rc1 Rc8 14. f4
Bc5+ 15. Kh1 Be3 16. Rb1 Nd4 17. Re1 Nf5 18. b4 Bf2 19. Qa4 Bxe1 20. Rxe1
Bc4 21. e4 dxe4 22. Nxe4 Bd5 23. Rd1 Ne3 24. Rxd5 exd5 25. Nd6 Rc2 26. Bd4
Rxg2 27. Bxe3 Re2 28. Bd4 Qc7 29. Qd1 Qc2 {White resigns} 0-1

[Event "ICC Open 2015"]
[Site "Internet Chess Club"]
[Date "2015.05.29"]
[Round "2"]
[White "plagis"]
[Black "pvchandu"]
[Result "1-0"]
[ICCResult "Black checkmated"]
[WhiteElo "2027"]
[BlackElo "1518"]
[Opening "Latvian counter-gambit"]
[ECO "C40"]
[NIC "KP.09"]
[Time "14:14:08"]
[TimeControl "180+0"]

1. e4 e5 2. Nf3 f5 3. Nxe5 fxe4 4. d3 exd3 5. Bxd3 Qe7 6. Qe2 Nc6 7. Nxc6
Qxe2+ 8. Bxe2 bxc6 9. O-O Nf6 10. Re1 Be7 11. Bg5 Kf7 12. c4 Re8 13. Nd2 Kg8
14. c5 Bb7 15. Bc4+ Kh8 16. b4 d6 17. Bf7 Rf8 18. Rxe7 dxc5 19. bxc5 Rac8
20. Rae1 h6 21. Bf4 Nd5 22. Rd7 Nxf4 23. Ree7 Nd5 24. Bxd5 cxd5 25. Rxg7
Rfd8 26. Rh7+ Kg8 27. Rdg7+ Kf8 28. g3 Bc6 29. Nf3 d4 30. Ne5 d3 31. Ng6+
Ke8 32. Rh8# {Black checkmated} 1-0

[Event "ICC Open 2015"]
[Site "Internet Chess Club"]
[Date "2015.05.29"]
[Round "2"]
[White "Reinerg"]
[Black "beaupre"]
[Result "0-1"]
[ICCResult "White checkmated"]
[WhiteElo "1342"]
[BlackElo "1786"]
[Opening "Sicilian: Labourdonnais-Löwenthal (Kalashnikov) variation"]
[ECO "B32"]
[NIC "SI.32"]
[Time "14:14:45"]
[TimeControl "180+0"]

1. e4 c5 2. Nf3 Nc6 3. d4 cxd4 4. Nxd4 e5 5. Nb5 d6 6. N1c3 a6 7. Na3 h6 8.
Bc4 Nf6 9. O-O Be6 10. Bxe6 fxe6 11. Re1 g6 12. b3 b5 13. Ncb1 Bg7 14. Bb2
O-O 15. c4 b4 16. Nc2 a5 17. a3 Qb6 18. a4 Nxe4 19. Rxe4 Qxf2+ 20. Kh1 Qf1+
21. Qxf1 Rxf1# {White checkmated} 0-1

[Event "ICC Open 2015"]
[Site "Internet Chess Club"]
[Date "2015.05.29"]
[Round "2"]
[White "MrsPiggy"]
[Black "Unlikely"]
[Result "0-1"]
[ICCResult "White resigns"]
[WhiteElo "1412"]
[BlackElo "2056"]
[Opening "Dutch"]
[ECO "A80"]
[NIC "HD.12"]
[Time "14:13:50"]
[TimeControl "180+0"]

1. d4 f5 2. e3 Nf6 3. c4 g6 4. Nf3 Bg7 5. Be2 O-O 6. O-O d6 7. b3 Nc6 8. Bb2
e5 9. Re1 e4 10. Nfd2 Ne7 11. f3 exf3 12. Nxf3 Ne4 13. Rf1 Bh6 14. Bc1 c6
15. a3 a5 16. Qc2 Be6 17. Nc3 d5 18. Ne5 Rc8 19. c5 b6 20. b4 Ra8 21. Nxe4
dxe4 22. Bd2 Nd5 23. Nxc6 Qe8 24. Ne5 Nxe3 25. Bxe3 Bxe3+ 26. Kh1 Bxd4 27.
Nc4 axb4 28. axb4 Rxa1 29. Rxa1 Bxa1 30. cxb6 Qc6 31. Qa2 Bd4 32. Qa6 Ra8
33. b7 Rxa6 34. b8=Q+ Kg7 35. Nd6 Ra1+ {White resigns} 0-1

[Event "ICC Open 2015"]
[Site "Internet Chess Club"]
[Date "2015.05.29"]
[Round "2"]
[White "chessersizing"]
[Black "IssaNissa"]
[Result "0-1"]
[ICCResult "White checkmated"]
[WhiteElo "1453"]
[BlackElo "1791"]
[Opening "Caro-Kann: advance variation"]
[ECO "B12"]
[NIC "CK.02"]
[Time "14:15:33"]
[TimeControl "180+0"]

1. e4 c6 2. d4 d5 3. e5 c5 4. c3 Nc6 5. Nf3 Bg4 6. h3 Bxf3 7. gxf3 cxd4 8.
cxd4 Qb6 9. Nc3 Qxd4 10. Qb3 Qxe5+ 11. Be3 Rb8 12. Ne2 Qf6 13. Bg2 e6 14.
Qa4 Bb4+ 15. Kf1 Qxb2 16. Rc1 Ne7 17. Nd4 O-O 18. Rg1 Nxd4 19. Bxd4 Qxc1+
20. Ke2 Qd2+ 21. Kf1 Qe1# {White checkmated} 0-1

[Event "ICC Open 2015"]
[Site "Internet Chess Club"]
[Date "2015.05.29"]
[Round "2"]
[White "reydelmambo"]
[Black "isodung"]
[Result "0-1"]
[ICCResult "White resigns"]
[WhiteElo "2016"]
[BlackElo "2655"]
[Opening "QGD: Tarrasch, Prague variation, Normal position"]
[ECO "D34"]
[NIC "TD.04"]
[Time "14:13:31"]
[TimeControl "180+0"]

1. d4 e6 2. c4 d5 3. Nc3 c5 4. cxd5 exd5 5. Nf3 Nc6 6. g3 Nf6 7. Bg2 Be7 8.
O-O O-O 9. dxc5 Bxc5 10. Bg5 d4 11. Ne4 Be7 12. Bxf6 Bxf6 13. Ne1 Re8 14.
Nd3 Bf5 15. Nec5 Qe7 16. Re1 Rac8 17. Rc1 b6 18. Nb3 Nb4 19. Rxc8 Rxc8 20.
a3 Nc2 21. Rf1 h6 22. Na1 Nxa1 23. Qxa1 Qxe2 24. Nf4 Qc2 25. Nd5 d3 26.
Nxf6+ gxf6 27. b4 Rc3 28. Qe1 d2 29. Qe8+ Kg7 30. Bf3 Rxf3 31. Qe2 Qd3 32.
Qd1 Bh3 {White resigns} 0-1

[Event "ICC Open 2015"]
[Site "Internet Chess Club"]
[Date "2015.05.29"]
[Round "2"]
[White "Piranha"]
[Black "blunder23"]
[Result "1-0"]
[ICCResult "Black checkmated"]
[WhiteElo "1838"]
[BlackElo "1459"]
[Opening "Sicilian"]
[ECO "B54"]
[NIC "SI.01"]
[Time "14:13:32"]
[TimeControl "180+0"]

1. e4 c5 2. Nf3 d6 3. d4 cxd4 4. Nxd4 Nc6 5. Nc3 a6 6. Be3 Nf6 7. f3 e6 8.
Qd2 Be7 9. g4 O-O 10. O-O-O Qc7 11. h4 d5 12. Bd3 Nxd4 13. Bxd4 e5 14. Bf2
d4 15. Ne2 b5 16. Kb1 Be6 17. h5 Nd7 18. g5 a5 19. f4 Bb4 20. Qc1 f6 21. f5
Bc4 22. h6 Nc5 23. Bxc4+ Kh8 24. g6 bxc4 25. hxg7+ Kxg7 26. Rxh7+ Kg8 27.
Qh6 Rfc8 28. Rh8# {Black checkmated} 1-0

[Event "ICC Open 2015"]
[Site "Internet Chess Club"]
[Date "2015.05.29"]
[Round "2"]
[White "Kempka"]
[Black "eddington"]
[Result "1-0"]
[ICCResult "Black resigns"]
[WhiteElo "2814"]
[BlackElo "2118"]
[Opening "QGD: classical variation (5.Bf4)"]
[ECO "D31"]
[NIC "QO.04"]
[Time "14:14:02"]
[TimeControl "180+0"]

1. d4 d5 2. c4 e6 3. Nc3 Be7 4. Nf3 Nf6 5. Bf4 O-O 6. e3 Nbd7 7. Qc2 c5 8.
dxc5 Nxc5 9. Rd1 b6 10. cxd5 exd5 11. Be5 Be6 12. Be2 Rc8 13. O-O Nce4 14.
Qb1 Nxc3 15. Bxc3 Ne4 16. Bd4 Bf6 17. Bd3 Qe7 18. Bxe4 dxe4 19. Qxe4 Bxa2
20. Qf4 Bxd4 21. Nxd4 Be6 22. Rd2 Rfd8 23. Rfd1 g6 24. Nc6 Rxd2 25. Nxe7+
Kf8 26. Nxg6+ hxg6 27. Qb4+ {Black resigns} 1-0

[Event "ICC Open 2015"]
[Site "Internet Chess Club"]
[Date "2015.05.29"]
[Round "2"]
[White "Torek9M"]
[Black "mcplayerus"]
[Result "0-1"]
[ICCResult "White forfeits on time"]
[WhiteElo "1175"]
[BlackElo "1736"]
[Opening "Sicilian: Hungarian variation"]
[ECO "B27"]
[NIC "SI.43"]
[Time "14:13:30"]
[TimeControl "180+0"]

1. e4 c5 2. Nf3 g6 3. d3 Bg7 4. c3 Nc6 5. Be2 Nf6 6. O-O O-O 7. Nbd2 d5 8.
e5 Ng4 9. d4 f6 10. h3 Nh6 11. Nb3 c4 12. Nbd2 Nf7 13. b3 fxe5 14. dxe5
Nfxe5 15. bxc4 dxc4 16. Nxe5 Nxe5 17. Qa4 Kh8 18. Nxc4 Nxc4 19. Qxc4 e5 20.
Bb2 Qf6 {White forfeits on time} 0-1

[Event "ICC Open 2015"]
[Site "Internet Chess Club"]
[Date "2015.05.29"]
[Round "2"]
[White "depressnyak"]
[Black "Parsifal"]
[Result "1-0"]
[ICCResult "Black resigns"]
[WhiteElo "3315"]
[BlackElo "2399"]
[Opening "French defense"]
[ECO "C01"]
[NIC "QO.17"]
[Time "14:14:31"]
[TimeControl "180+0"]

1. d4 e6 2. e4 Nf6 3. e5 Nd5 4. Nf3 d6 5. Be2 dxe5 6. Nxe5 Nd7 7. O-O Nxe5
8. dxe5 Be7 9. a3 O-O 10. c4 Nb6 11. Qc2 c5 12. Nc3 Qd4 13. Qe4 Bd7 14. Be3
Qxe4 15. Nxe4 Rac8 16. b3 Rfd8 17. Rfd1 Kf8 18. f4 Na8 19. Kf2 b6 20. Nd6
Bxd6 21. exd6 Bc6 22. b4 Ba4 23. Rd2 Rd7 24. Bf3 cxb4 25. axb4 Bc6 26. c5
bxc5 27. bxc5 Ke8 28. Rda2 Bxf3 29. Kxf3 Nb6 30. cxb6 axb6 31. Ra8 Rcd8 32.
Bxb6 {Black resigns} 1-0

[Event "ICC Open 2015"]
[Site "Internet Chess Club"]
[Date "2015.05.29"]
[Round "2"]
[White "ErnestoRondon"]
[Black "a-man"]
[Result "1-0"]
[ICCResult "Black forfeits on time"]
[WhiteElo "1824"]
[BlackElo "1546"]
[Opening "Sicilian: Alapin's variation (2.c3)"]
[ECO "B22"]
[NIC "SI.46"]
[Time "14:13:27"]
[TimeControl "180+0"]

1. e4 c5 2. c3 e5 3. Nf3 Nc6 4. d4 exd4 5. cxd4 cxd4 6. Nxd4 Nxd4 7. Qxd4
Nf6 8. Nc3 b6 9. Bc4 Bc5 10. Qd3 O-O 11. O-O Bb7 12. Bg5 h6 13. Bh4 Be7 14.
e5 d5 15. exf6 dxc4 16. Qxc4 Bxf6 17. Rad1 Qe7 18. Rfe1 Qc5 19. Qxc5 bxc5
20. Bxf6 gxf6 21. Re7 Bc6 22. Rc7 Rac8 23. Rxc8 Rxc8 24. Nd5 Bxd5 25. Rxd5
Re8 26. Kf1 Rc8 27. Rd3 c4 28. Rc3 Kg7 29. b3 Rc7 30. Rxc4 Rxc4 31. bxc4 Kf8
32. Ke2 Ke7 33. Kd3 Kd6 34. Kd4 Kc6 35. h4 a5 36. a4 Kc7 37. Kc5
{Black forfeits on time}
1-0

[Event "ICC Open 2015"]
[Site "Internet Chess Club"]
[Date "2015.05.29"]
[Round "2"]
[White "Doondoon"]
[Black "yaguaro"]
[Result "0-1"]
[ICCResult "White resigns"]
[WhiteElo "1683"]
[BlackElo "2132"]
[Opening "Old Indian defense"]
[ECO "A42"]
[NIC "OI.07"]
[Time "14:15:37"]
[TimeControl "180+0"]

1. d4 d6 2. c4 e5 3. e3 exd4 4. exd4 Nf6 5. Nc3 Be7 6. Bd3 O-O 7. Nf3 Bg4 8.
O-O Nc6 9. Be3 d5 10. h3 dxc4 11. Bxc4 Bxf3 12. gxf3 Nh5 13. Kh1 Bg5 14. Rg1
Bxe3 15. fxe3 Qh4 16. Bf1 Rae8 17. Qe1 Qxe1 18. Rxe1 Nxd4 19. Kg2 Nc2
{White resigns}
0-1

[Event "ICC Open 2015"]
[Site "Internet Chess Club"]
[Date "2015.05.29"]
[Round "2"]
[White "Platyborg"]
[Black "Schurick"]
[Result "1-0"]
[ICCResult "Black resigns"]
[WhiteElo "3096"]
[BlackElo "2279"]
[Opening "Sicilian: dragon variation"]
[ECO "B70"]
[NIC "SI.15"]
[Time "14:14:45"]
[TimeControl "180+0"]

1. e4 c5 2. Nf3 d6 3. d4 Nf6 4. Nc3 cxd4 5. Nxd4 g6 6. h3 h5 7. Be3 Bg7 8.
Qd2 Nbd7 9. Bc4 Nb6 10. Bb3 Bd7 11. O-O-O Rc8 12. f4 Rxc3 13. Qxc3 Nxe4 14.
Qe1 Nc5 15. f5 Qc7 16. fxg6 Nxb3+ 17. axb3 fxg6 18. Qg3 O-O 19. Qxg6 Rf6 20.
Qxh5 e5 21. Nf3 Bf5 22. Rd2 Nd5 23. Bg5 Bg6 24. Qh4 Rf8 25. Qc4 Qxc4 26.
bxc4 Nb6 27. Rxd6 Nxc4 28. Rxg6 e4 29. Bh6 Kh7 30. Bxg7 Kxg6 31. Bxf8 exf3
32. gxf3 {Black resigns} 1-0

[Event "ICC Open 2015"]
[Site "Internet Chess Club"]
[Date "2015.05.29"]
[Round "2"]
[White "gonesailing"]
[Black "Radja"]
[Result "0-1"]
[ICCResult "White resigns"]
[WhiteElo "1429"]
[BlackElo "2417"]
[Opening "Blackmar gambit"]
[ECO "B01"]
[NIC "VO.17"]
[Time "14:14:16"]
[TimeControl "180+0"]

1. e4 d5 2. d4 dxe4 3. Nc3 Nf6 4. f3 exf3 5. Nxf3 c6 6. Bd3 Bg4 7. O-O e6 8.
h3 Bh5 9. Bg5 Nbd7 10. Qe1 Bxf3 11. Rxf3 Qb6 12. Be3 Qc7 13. Bf4 Bd6 14. Be5
Nxe5 15. dxe5 Bxe5 16. Rb1 O-O 17. Ne4 Nxe4 18. Qxe4 g6 19. Re1 Bxb2 20. Bc4
Rae8 21. c3 Qa5 22. Qe5 Qxe5 23. Rxe5 Bc1 24. Ra5 a6 25. Re5 Bh6 26. Re1 Rd8
27. Rb1 b5 28. Bb3 Bg7 29. c4 b4 30. Ba4 c5 31. Bc6 Rd2 32. Bb7 Rxa2 33. Rd3
Bd4+ 34. Kh1 a5 35. Ba6 a4 {White resigns} 0-1

[Event "ICC Open 2015"]
[Site "Internet Chess Club"]
[Date "2015.05.29"]
[Round "2"]
[White "QuintilianoR"]
[Black "BlitzorDDD"]
[Result "0-1"]
[ICCResult "White resigns"]
[WhiteElo "2361"]
[BlackElo "3225"]
[Opening "Benkö gambit: fianchetto variation"]
[ECO "A58"]
[NIC "BI.39"]
[Time "14:14:48"]
[TimeControl "180+0"]

1. d4 Nf6 2. c4 c5 3. d5 b5 4. cxb5 a6 5. bxa6 g6 6. Nc3 Bxa6 7. Nf3 d6 8.
g3 Nbd7 9. Bg2 Nb6 10. b3 Bg7 11. Rb1 Bb7 12. Nh4 O-O 13. O-O Ra7 14. Bb2
Qa8 15. a4 Nbxd5 16. Nxd5 Nxd5 17. Bxg7 Kxg7 18. Qd2 Nf6 19. Bxb7 Rxb7 20.
Qg5 Kh8 21. Rfe1 Rb4 22. f3 Qd5 23. Qe3 Qe6 24. Qc3 Rfb8 25. a5 Rxb3 26.
Rxb3 Rxb3 27. Qa1 Qe3+ 28. Kg2 Ra3 29. Qb2 Rxa5 30. Qb8+ Kg7 31. Qb2 Qd4 32.
Qc2 Rb5 33. Rd1 Rb2 {White resigns} 0-1

[Event "ICC Open 2015"]
[Site "Internet Chess Club"]
[Date "2015.05.29"]
[Round "2"]
[White "Nakia"]
[Black "Kyekerz"]
[Result "1-0"]
[ICCResult "Black checkmated"]
[WhiteElo "1768"]
[BlackElo "1250"]
[Opening "Bishop's opening: Berlin defense"]
[ECO "C24"]
[NIC "IG.04"]
[Time "14:13:18"]
[TimeControl "180+0"]

1. e4 e5 2. Bc4 Nf6 3. Qf3 Be7 4. h3 O-O 5. c3 b6 6. d3 Bb7 7. Nd2 d5 8. Bb3
d4 9. Ne2 Qd6 10. O-O Rd8 11. c4 c5 12. Kh2 h6 13. g4 Nh7 14. Rg1 Ng5 15.
Qg2 Qf6 16. Ng3 g6 17. Bd1 Kg7 18. Nf3 Nd7 19. Be2 Bc6 20. Bd2 Rf8 21. Raf1
Qe6 22. h4 Nxf3+ 23. Qxf3 Nf6 24. Nf5+ Kh7 25. Nxh6 Rh8 26. Rg3 Bf8 27. Nf5
gxf5 28. gxf5 Qe7 29. Rfg1 Ng8 30. Qh5+ Bh6 31. Rg7# {Black checkmated} 1-0

[Event "ICC Open 2015"]
[Site "Internet Chess Club"]
[Date "2015.05.29"]
[Round "2"]
[White "hangingpawns"]
[Black "Cinzento"]
[Result "1-0"]
[ICCResult "Black resigns"]
[WhiteElo "2126"]
[BlackElo "1692"]
[Opening "King's Indian: fianchetto, classical variation, 8.e4"]
[ECO "E68"]
[NIC "KI.64"]
[Time "14:13:28"]
[TimeControl "180+0"]

1. d4 Nf6 2. c4 g6 3. Nc3 Bg7 4. e4 O-O 5. Nf3 d6 6. g3 Nbd7 7. Bg2 e5 8.
O-O Re8 9. Re1 exd4 10. Nxd4 Nc5 11. h3 c6 12. b4 Ne6 13. Nc2 a5 14. b5 Nc5
15. bxc6 bxc6 16. Nd4 Bd7 17. Bf4 Qb6 18. Rb1 Qa7 19. Bxd6 Nfxe4 20. Nxe4
Nxe4 21. Bxe4 Bxd4 22. c5 Bg7 23. Rb6 Bxh3 24. Bxc6 Rxe1+ 25. Qxe1 Rc8 26.
Bb7 Rd8 27. Qe7 Ra8 28. Bxa8 Qxa8 29. Rb8+ {Black resigns} 1-0

[Event "ICC Open 2015"]
[Site "Internet Chess Club"]
[Date "2015.05.29"]
[Round "2"]
[White "Govindan"]
[Black "Fanta"]
[Result "0-1"]
[ICCResult "White resigns"]
[WhiteElo "1567"]
[BlackElo "1947"]
[Opening "Caro-Kann defense"]
[ECO "B11"]
[NIC "CK.01"]
[Time "14:13:17"]
[TimeControl "180+0"]

1. e4 c6 2. Nc3 d5 3. f3 b5 4. exd5 b4 5. Na4 cxd5 6. d4 e6 7. Ne2 Nc6 8.
Be3 Bd6 9. Qd2 a5 10. f4 Nge7 11. g3 Ba6 12. Nc5 O-O 13. Bg2 Nf5 14. Nxa6
Rxa6 15. O-O Qa8 16. Bf2 Rc8 17. c3 Qa7 18. Kh1 Qe7 19. a3 Rb6 20. a4 Rcb8
21. Rac1 bxc3 22. bxc3 Rb2 23. Qd3 Nh6 24. h3 Kh8 25. Kh2 Ra2 26. Rfe1 Rbb2
27. Bf3 Ng8 28. Rcd1 Nf6 29. Rd2 Rxd2 30. Qxd2 Rxd2 {White resigns} 0-1

[Event "ICC Open 2015"]
[Site "Internet Chess Club"]
[Date "2015.05.29"]
[Round "2"]
[White "PaYbAcK"]
[Black "brauliocuarta"]
[Result "1-0"]
[ICCResult "Black forfeits on time"]
[WhiteElo "2630"]
[BlackElo "2013"]
[Opening "Benkö gambit: main line"]
[ECO "A58"]
[NIC "BI.41"]
[Time "14:13:22"]
[TimeControl "180+0"]

1. d4 Nf6 2. c4 c5 3. d5 b5 4. cxb5 a6 5. bxa6 g6 6. Nc3 Bxa6 7. e4 Bxf1 8.
Kxf1 d6 9. Nf3 Bg7 10. g3 O-O 11. Kg2 Nbd7 12. a4 Ra5 13. Bd2 Qa8 14. Qc2
Rb8 15. Ra3 Ra6 16. Nb5 Rb7 17. Bc3 Nb6 18. b3 Nbxd5 19. exd5 Rxb5 20. Qd3
Rb8 21. Rd1 Ne8 22. Bxg7 Kxg7 23. Nd2 Nf6 24. Ne4 Nxe4 25. Qxe4 e5 26. h4 f5
27. Qe3 Rb4 28. h5 f4 29. Qf3 Rd4 30. Rxd4 cxd4 31. gxf4 Ra5 32. fxe5 dxe5
33. d6 Qxf3+ 34. Kxf3 {Black forfeits on time} 1-0

[Event "ICC Open 2015"]
[Site "Internet Chess Club"]
[Date "2015.05.29"]
[Round "2"]
[White "MBAStudent"]
[Black "Cramagica"]
[Result "1-0"]
[ICCResult "Black forfeits on time"]
[WhiteElo "1745"]
[BlackElo "1239"]
[Opening "Scotch gambit"]
[ECO "C44"]
[NIC "SO.06"]
[Time "14:13:21"]
[TimeControl "180+0"]

1. e4 e5 2. Nf3 Nc6 3. d4 exd4 4. Bc4 Bc5 5. c3 dxc3 6. Bxf7+ Kxf7 7. Qd5+
Ke8 8. Qxc5 Qe7 9. Qxe7+ Ngxe7 10. Nxc3 b6 11. O-O Bb7 12. Re1 d6 13. Nb5
Kd7 14. Bg5 h6 15. Bh4 g5 16. Bg3 Raf8 17. Rac1 a6 18. Na3 h5 19. h3 h4 20.
Bh2 g4 21. hxg4 Rhg8 22. Red1 Rxg4 23. Ne5+ Nxe5 24. Bxe5 Rxe4 25. Bc3 Re2
26. Bd4 Rg8 27. Kf1 Re4 28. f3 Re6 29. Nc4 h3 30. gxh3 Bxf3 31. Rd2
{Black forfeits on time}
1-0

[Event "ICC Open 2015"]
[Site "Internet Chess Club"]
[Date "2015.05.29"]
[Round "2"]
[White "Baltimora"]
[Black "Sibelephant"]
[Result "0-1"]
[ICCResult "White resigns"]
[WhiteElo "2349"]
[BlackElo "3184"]
[Opening "Grünfeld: exchange variation"]
[ECO "D85"]
[NIC "GI.03"]
[Time "14:14:28"]
[TimeControl "180+0"]

1. d4 Nf6 2. c4 g6 3. Nc3 d5 4. cxd5 Nxd5 5. Na4 Nf6 6. Nc3 Bg7 7. Nf3 O-O
8. Bf4 c5 9. d5 b5 10. e3 b4 11. Na4 Nxd5 12. Bxb8 Rxb8 13. Qb3 Qa5 14. Rc1
Nc3 15. bxc3 Bd7 16. Nb2 Bxc3+ 17. Kd1 Rfd8 18. Bc4 Ba4+ 19. Ke2 Bxb3
{White resigns}
0-1

[Event "ICC Open 2015"]
[Site "Internet Chess Club"]
[Date "2015.05.29"]
[Round "2"]
[White "knightstar"]
[Black "ural"]
[Result "0-1"]
[ICCResult "White resigns"]
[WhiteElo "1833"]
[BlackElo "2474"]
[Opening "Scandinavian (center counter) defense"]
[ECO "B01"]
[NIC "VO.17"]
[Time "14:14:30"]
[TimeControl "180+0"]

1. e4 d5 2. Nc3 d4 3. Nce2 c5 4. d3 Nc6 5. g3 h5 6. h3 e5 7. Bg2 Be6 8. f4
f6 9. Nf3 Be7 10. O-O g5 11. fxe5 fxe5 12. Nd2 Qd7 13. Kh2 O-O-O 14. a3 Nh6
15. b4 h4 16. g4 Bxg4 17. hxg4 Nxg4+ 18. Kh1 Ne3 19. Qe1 Nxc2 20. Qf2 Nxa1
21. Nc4 Rdf8 22. Qg1 Nc2 23. Kh2 g4 24. b5 g3+ 25. Kh1 h3 26. Rxf8+ Bxf8 27.
bxc6 hxg2+ 28. Kxg2 Qh3+ 29. Kf3 g2+ 30. Ng3 Rg8 31. cxb7+ Kxb7 32. Qxg2
Ne1+ {White resigns} 0-1

[Event "ICC Open 2015"]
[Site "Internet Chess Club"]
[Date "2015.05.29"]
[Round "2"]
[White "Womacka"]
[Black "A4-H5"]
[Result "1-0"]
[ICCResult "Black checkmated"]
[WhiteElo "2402"]
[BlackElo "1806"]
[Opening "Sicilian: dragon, Yugoslav attack, Rauser variation"]
[ECO "B76"]
[NIC "SI.17"]
[Time "14:14:06"]
[TimeControl "180+0"]

1. e4 c5 2. Nf3 d6 3. d4 cxd4 4. Nxd4 Nf6 5. Nc3 g6 6. Be3 Bg7 7. f3 O-O 8.
Qd2 Nc6 9. O-O-O Be6 10. Kb1 Nxd4 11. Bxd4 Qa5 12. Nd5 Qxd2 13. Nxe7+ Kh8
14. Rxd2 Rfe8 15. Bxf6 Bxf6 16. Nd5 Bg5 17. Rd1 Bxd5 18. Rxd5 Be7 19. Bc4
Kg7 20. Rd3 Rec8 21. Bd5 Rc7 22. h4 h5 23. g4 Rac8 24. c3 Bf6 25. Bb3 Be5
26. gxh5 gxh5 27. Rg1+ Kf6 28. Rg5 Rh8 29. f4 Rc5 30. fxe5+ dxe5 31. Rf5+
Kg6 32. Rg3+ Kh6 33. Bxf7 Rc6 34. Rxh5# {Black checkmated} 1-0